 Dungeon Crawl Stone Soup version 0.31-a0-455-g1a7b003ef0 (console) character file.

Game seed: 17560159519256191149

6466 jejorda2 the Cleaver (level 11, 0/130 HPs)
             Began as a Gnoll Berserker on Aug 3, 2023.
             Was an Elder of Trog.
             Killed from afar by an electric eel (3 damage)
             ... with a bolt of electricity
             ... on level 10 of the Dungeon.
             The game lasted 00:18:55 (8381 turns).

jejorda2 the Cleaver (Gnoll Berserker)              Turns: 8381, Time: 00:18:55

Health: 0/130      AC: 18    Str: 20    XL:     11   Next: 0%
Magic:  0/19       EV:  7    Int:  7    God:    Trog [****..]
Gold:   440        SH:  9    Dex: 12    Spells: 21/21 levels left

rFire   + . .        a - +0 war axe
rCold   + . .        k - +0 kite shield
rNeg    . . .        u - +0 plate armour
rPois   .            (no helmet)
rElec   .            (no cloak)
rCorr   .            I - +2 pair of gloves
SInv    .            c - +0 pair of boots
Will    .....        C - amulet of guardian spirit Stlth
                     y - ring of protection from fire
HPRegen 0.41/turn    A - ring of protection from cold
MPRegen 0.16/turn

%: guardian spirit
@: berserking (expiring), slow
A: fangs 1, strong nose, distributed training
a: Renounce Religion, Berserk, Trog's Hand, Brothers in Arms


You were on level 10 of the Dungeon.
You worshipped Trog.
Trog was greatly pleased with you.
You visited 1 branch of the dungeon, and saw 10 of its levels.

You collected 440 gold pieces.

Inventory:

Hand Weapons
 a - a +0 war axe (weapon)
 b - a +0 flail
Missiles
 d - 26 poisoned darts
 B - 3 datura-tipped darts
Armour
 c - a +0 pair of boots (worn)
 k - a +0 kite shield (worn)
 u - a +0 plate armour (worn)
 I - a +2 pair of gloves (worn)
Jewellery
 y - a ring of protection from fire (left hand)
 A - a ring of protection from cold (right hand)
 C - an amulet of guardian spirit (around neck)
Wands
 e - a wand of charming (4)
Scrolls
 h - a scroll of blinking
 l - 4 scrolls of teleportation
 n - a scroll of immolation
 q - a scroll of poison
 w - 2 scrolls of fear
 E - a scroll of enchant weapon
 F - a scroll of fog
Potions
 i - 2 potions of lignification
 j - a potion of haste
 m - a potion of cancellation
 o - 2 potions of resistance
 p - 2 potions of heal wounds
 r - 2 potions of invisibility
 t - a potion of might
 x - a potion of attraction
 z - 3 potions of curing
 G - 2 potions of ambrosia
 H - 2 potions of enlightenment


   Skills:
 + Level 8.9 Fighting
 + Level 5.9 Short Blades
 + Level 5.9 Long Blades
 + Level 8.9 Axes
 + Level 5.9 Maces & Flails
 + Level 5.9 Polearms
 + Level 5.9 Staves
 + Level 5.9 Ranged Weapons
 + Level 5.9 Throwing
 + Level 7.5 Armour
 + Level 7.5 Dodging
 + Level 5.9 Stealth
 + Level 5.9 Shields
 + Level 5.9 Unarmed Combat
 + Level 5.9 Spellcasting
 + Level 4.9 Conjurations
 + Level 4.9 Hexes
 + Level 4.9 Summonings
 + Level 4.9 Necromancy
 + Level 4.9 Translocations
 + Level 4.9 Transmutations
 + Level 4.9 Fire Magic
 + Level 4.9 Ice Magic
 + Level 4.9 Air Magic
 + Level 4.9 Earth Magic
 + Level 4.9 Poison Magic
 + Level 6.5 Invocations
 + Level 5.9 Evocations
 + Level 4.9 Shapeshifting


You had 21 spell levels left.
You didn't know any spells.
Your spell library was empty.

Dungeon Overview and Level Annotations

Branches:
Dungeon (10/15)            Temple (0/1) D:6
   Lair: D:8-11         Orc: D:9-12

Altars:
Dithmenos
Fedhas
Kikubaaqudgha
Makhleb
Nemelex Xobeh
Okawaru
Ru
Sif Muna
Xom
Yredelemnul

Shops:
D:2 (


Innate Abilities, Weirdness & Mutations

You have very sharp teeth.
Your uncanny sense of smell can sniff out nearby items.
Your experience applies equally to all skills.


Message History

The bolt of electricity hits you!
* * * LOW HITPOINT WARNING * * *
The bolt of electricity hits you.
* * * LOW HITPOINT WARNING * * *
The bolt of electricity hits the electric eel.
The electric eel completely resists.
Unknown command.
Unknown command.
A red film seems to cover your vision as you go berserk!
You feel yourself moving faster!
You feel mighty!
You closely miss the electric eel. Your bite misses the electric eel.
The electric eel is lightly wounded.
The electric eel shoots out a bolt of lightning at you!
The bolt of electricity hits you!
* * * LOW HITPOINT WARNING * * *
The bolt of electricity hits you.
* * * LOW HITPOINT WARNING * * *
The bolt of electricity hits the electric eel.
The electric eel completely resists.
You barely miss the electric eel. Your bite misses the electric eel.
The electric eel is lightly wounded.
You slash the electric eel!
The electric eel is heavily wounded.
You closely miss the electric eel.
The electric eel is heavily wounded.
The electric eel shoots out a bolt of lightning at you!
The bolt of electricity hits you!
* * * LOW HITPOINT WARNING * * *
The bolt of electricity hits you.
* * * LOW HITPOINT WARNING * * *
The bolt of electricity hits the electric eel.
The electric eel completely resists.
You barely miss the electric eel.
The electric eel is heavily wounded.
Your unstable footing causes you to fumble your attack.
You barely miss the electric eel.
The electric eel is heavily wounded.
The electric eel shoots out a bolt of lightning at you!
The bolt of electricity hits you.
You die...

~~~~~~~~~~~....# ...
~~~~~~~~~~~##..# .....
~~~~~~~~~~.##..# #~....
~~~~~~~~~#.##..# #~~..:.
~~~~~#~~##.##..##~~~....
..~~...........#~~~~...#
++########.###.~~~~~...~
#.# #.~S~~~~~~~ #.#
#.#@~~~~~~~ #.#
#.##~~~~~#~ #.# #.#
#~~~.# ### #.# #~#.# #.#
## .. #.# # #.


You could see an electric eel.

Vanquished Creatures
  A centaur warrior (D:8)
  A two-headed ogre (D:9)
  Joseph (D:7)
  The ghost of oldmanjim the Ruffian, an amateur BaSh of Makhleb (D:4)
  A hornet (D:7)
  Sigmund (D:2)
  2 wraiths (D:9)
  3 yaks (D:9)
  Menkaure (D:7)
  2 water moccasins (D:5)
  A hornet zombie (D:6)
  An ice beast (D:6)
  A sky beast (D:8)
  4 orc warriors
  A black bear (D:5)
  3 ogres
  2 centaurs
  2 kobold brigands (D:8)
  2 bullfrogs
  A wyvern zombie (D:6)
  2 scorpions (D:5)
  5 wights (D:8)
  2 water moccasin zombies (D:6)
  3 howler monkeys (D:7)
  A crimson imp (D:7)
  A centaur zombie (D:6)
  2 orc priests
  4 jellies
  3 hounds
  3 gnoll boudas
  6 iguanas
  3 sleepcaps
  9 orc wizards
  Natasha (thrice) (D:4)
  A killer bee zombie (D:6)
  20 gnolls
  6 adders
  2 shadow imps
  A white imp (D:8)
  A worm (D:5)
  2 dart slugs
  26 orcs
  5 bats
  6 endoplasms
  2 giant cockroaches
  7 goblins
  6 hobgoblins
  3 jackals (D:1)
  21 kobolds
  2 quokkas
  8 ball pythons
  3 frilled lizards
  5 rats
206 creatures vanquished.

Notes
Turn   | Place    | Note
-------+----------+-------------------------------------------
     0 | D:1      | jejorda2 the Gnoll Berserker began the quest for the Orb.
     0 | D:1      | Reached XP level 1. HP: 23/23 MP: 1/1
   162 | D:1      | Reached XP level 2. HP: 27/29 MP: 2/2
   232 | D:1      | You fall into a shaft and drop 1 floor!
   364 | D:2      | Reached XP level 3. HP: 29/35 MP: 2/4
   403 | D:2      | Found a faded altar of an unknown god.
   409 | D:2      | Reached skill level 1 in Short Blades
   409 | D:2      | Reached skill level 1 in Long Blades
   409 | D:2      | Reached skill level 1 in Maces & Flails
   409 | D:2      | Reached skill level 1 in Polearms
   409 | D:2      | Reached skill level 1 in Staves
   409 | D:2      | Reached skill level 1 in Ranged Weapons
   409 | D:2      | Reached skill level 1 in Throwing
   409 | D:2      | Reached skill level 1 in Stealth
   409 | D:2      | Reached skill level 1 in Shields
   409 | D:2      | Reached skill level 1 in Unarmed Combat
   409 | D:2      | Reached skill level 1 in Spellcasting
   409 | D:2      | Reached skill level 1 in Invocations
   409 | D:2      | Reached skill level 1 in Evocations
   411 | D:2      | Reached XP level 4. HP: 41/41 MP: 5/5
   544 | D:1      | Reached ** piety under Trog
   839 | D:2      | Noticed Sigmund
   851 | D:2      | Killed Sigmund
   852 | D:2      | Reached skill level 1 in Conjurations
   852 | D:2      | Reached skill level 1 in Hexes
   852 | D:2      | Reached skill level 1 in Summonings
   852 | D:2      | Reached skill level 1 in Necromancy
   852 | D:2      | Reached skill level 1 in Translocations
   852 | D:2      | Reached skill level 1 in Transmutations
   852 | D:2      | Reached skill level 1 in Fire Magic
   852 | D:2      | Reached skill level 1 in Ice Magic
   852 | D:2      | Reached skill level 1 in Air Magic
   852 | D:2      | Reached skill level 1 in Earth Magic
   852 | D:2      | Reached skill level 1 in Poison Magic
   852 | D:2      | Reached skill level 1 in Shapeshifting
   852 | D:2      | Reached XP level 5. HP: 47/47 MP: 5/7
   852 | D:2      | Reached XP level 6. HP: 53/53 MP: 5/8
  1008 | D:2      | Found Haadwun's Antique Weapon Shoppe.
  1448 | D:3      | Reached skill level 5 in Armour
  1448 | D:3      | Reached skill level 5 in Dodging
  1621 | D:3      | Found a sacrificial altar of Ru.
  2093 | D:4      | Reached *** piety under Trog
  2331 | D:4      | Found a sparkling altar of Nemelex Xobeh.
  2380 | D:4      | Noticed Natasha
  2389 | D:4      | Killed Natasha
  2508 | D:4      | Noticed oldmanjim's ghost (amateur BaSh)
  2511 | D:4      | Found a runed translucent door.
  2534 | D:4      | Reached XP level 7. HP: 59/59 MP: 10/10
  2681 | D:4      | Killed oldmanjim's ghost
  2706 | D:4      | Noticed Natasha
  2721 | D:4      | Killed Natasha
  2888 | D:4      | Found a sparkling altar of Nemelex Xobeh.
  3231 | D:4      | Noticed Natasha
  3246 | D:4      | Killed Natasha
  3325 | D:5      | Entered Level 5 of the Dungeon
  3340 | D:5      | Reached XP level 8. HP: 57/67 MP: 12/12
  3903 | D:5      | Reached XP level 9. HP: 73/73 MP: 14/14
  4053 | D:5      | Found a blossoming altar of Fedhas.
  4793 | D:6      | Found a staircase to the Ecumenical Temple.
  4993 | D:6      | Found a basalt altar of Yredelemnul.
  5094 | D:7      | Noticed a hornet
  5099 | D:7      | Killed a hornet
  5242 | D:7      | Noticed Joseph
  5254 | D:7      | Killed Joseph
  5255 | D:7      | Reached skill level 5 in Invocations
  5440 | D:7      | Noticed Menkaure
  5448 | D:7      | Killed Menkaure
  5456 | D:7      | Reached XP level 10. HP: 80/80 MP: 12/17
  5675 | D:7      | Found a shadowy altar of Dithmenos.
  5676 | D:7      | Found a shimmering blue altar of Sif Muna.
  5986 | D:7      | Found a burning altar of Makhleb.
  5987 | D:7      | Found a shimmering altar of Xom.
  6237 | D:8      | Reached skill level 5 in Short Blades
  6237 | D:8      | Reached skill level 5 in Long Blades
  6237 | D:8      | Reached skill level 5 in Maces & Flails
  6237 | D:8      | Reached skill level 5 in Polearms
  6237 | D:8      | Reached skill level 5 in Staves
  6237 | D:8      | Reached skill level 5 in Ranged Weapons
  6237 | D:8      | Reached skill level 5 in Throwing
  6237 | D:8      | Reached skill level 5 in Stealth
  6237 | D:8      | Reached skill level 5 in Shields
  6237 | D:8      | Reached skill level 5 in Unarmed Combat
  6237 | D:8      | Reached skill level 5 in Spellcasting
  6237 | D:8      | Reached skill level 5 in Evocations
  6353 | D:8      | Reached **** piety under Trog
  6688 | D:8      | Noticed a centaur warrior
  6699 | D:8      | Killed a centaur warrior
  7631 | D:9      | Found an iron altar of Okawaru.
  7631 | D:9      | Found an ancient bone altar of Kikubaaqudgha.
  8018 | D:9      | Noticed a two-headed ogre
  8024 | D:9      | Killed a two-headed ogre
  8336 | D:10     | Entered Level 10 of the Dungeon
  8346 | D:10     | Reached XP level 11. HP: 87/87 MP: 19/19
  8377 | D:10     | HP: 6/130 [electric eel/bolt of electricity (14)]
  8377 | D:10     | HP: 2/130 [electric eel/bolt of electricity (4)]
  8381 | D:10     | Killed from afar by an electric eel

Illustrated notes

Levels and vault maps discovered:
D:1:      saegor_arrival_simple_a, layout_rooms, grunt_decor_cap,
          minmay_pentomino_v2
D:2:      kennysheep_the_goblin_king, layout_rooms,
          shapermc_ecumenical_altar_gd, serial_shops, shop, uniq_sigmund
D:3:      layout_rooms, mainiacjoe_overflow_cross_hatched,
          hangedman_abyss_or_decor_stabs, hex_medium,
          chequers_serial_rivers_small_3
D:4:      layout_basic, nemelex_xobeh_ov_fountains_minmay,
          hellmonk_ghost_happy_afterlife, roderic_roman_lattice, uniq_natasha
D:5:      minmay_spotlight, layout_cave_pools, mainiacjoe_overflow_alcove_1,
          kennysheep_small_circle
D:6:      layout_basic, nicolae_yredelemnul_corpse_copse,
          minmay_temple_entry_nine_rooms, serial_bayou_crossing
D:7:      layout_loops_corners, nicolae_overflow_hidden_temple,
          grunt_temple_overflow_champion_of_chaos, corexii_hall_statues_l,
          uniq_menkaure, uniq_joseph
D:8:      layout_cave_pods
D:9:      layout_loops_cross, gammafunk_temple_overflow_statue
D:10:     layout_basic, tso_altar, due_lair_maze_entry_diamond,
          kennysheep_cross_room, uniq_maurice

Skill      XL: |  1  2  3  4  5  6  7  8  9 10 |
---------------+-------------------------------+-----
Short Blades   | 1 2 3 4 5 |  5.9
Long Blades    | 1 2 3 4 5 |  5.9
Maces & Flails | 1 2 3 4 5 |  5.9
Polearms       | 1 2 3 4 5 |  5.9
Staves         | 1 2 3 4 5 |  5.9
Ranged Weapons | 1 2 3 4 5 |  5.9
Throwing       | 1 2 3 4 5 |  5.9
Stealth        | 1 2 3 4 5 |  5.9
Shields        | 1 2 3 4 5 |  5.9
Unarmed Combat | 1 2 3 4 5 |  5.9
Spellcasting   | 1 2 3 4 5 |  5.9
Invocations    | 1 2 3 4 5 6 |  6.5
Evocations     | 1 2 3 4 5 |  5.9
Conjurations   | 1 2 3 4 |  4.9
Hexes          | 1 2 3 4 |  4.9
Summonings     | 1 2 3 4 |  4.9
Necromancy     | 1 2 3 4 |  4.9
Translocations | 1 2 3 4 |  4.9
Transmutations | 1 2 3 4 |  4.9
Fire Magic     | 1 2 3 4 |  4.9
Ice Magic      | 1 2 3 4 |  4.9
Air Magic      | 1 2 3 4 |  4.9
Earth Magic    | 1 2 3 4 |  4.9
Poison Magic   | 1 2 3 4 |  4.9
Shapeshifting  | 1 2 3 4 |  4.9
Armour         | 5 6 7 |  7.5
Dodging        | 5 6 7 |  7.5
Fighting       | 7 8 |  8.9
Axes           | 7 8 |  8.9

Action                     |  1- 3 |  4- 6 |  7- 9 | 10-12 || total
---------------------------+-------+-------+-------+-------++-------
  Melee: Hand axe          |    56 |   173 |   226 |       ||   455
         Bite              |     3 |    12 |    36 |    24 ||    75
         Punch             |     1 |     2 |    12 |     5 ||    20
         War axe           |       |       |    24 |   197 ||   221
 Invoke: Berserk           |     2 |     3 |    10 |     6 ||    21
         Trog's Hand       |       |     1 |     1 |     1 ||     3
Ability: Begin Untransform |       |       |       |     1 ||     1
    Use: Scroll            |       |       |       |    27 ||    27
 Armour: Animal skin       |     5 |       |       |       ||     5
         Ring mail         |    10 |    27 |       |       ||    37
         Leather armour    |     3 |       |       |       ||     3
         Plate armour      |       |    59 |   166 |    91 ||   316
  Dodge: Dodged            |    43 |    85 |    91 |    49 ||   268
  Block: Kite shield       |       |       |       |    18 ||    18
   Form: Beast             |       |     1 |       |       ||     1

Table legend: (Time is in decaauts)
 A = Elapsed time spent in this place.
 B = Non-inter-level travel time spent in this place.
 C = Inter-level travel time spent in this place.
 D = Time resting spent in this place.
 E = Time spent auto-exploring this place.
 F = Levels seen in this place.
 G = Mean time per level.
                   A        B        C        D        E       F      G
               +--------+--------+--------+--------+--------+-----+--------+
         Total |   8580 |   8275 |    305 |   1073 |   5769 |  10 |  858.0 |
       Dungeon |   8580 |   8275 |    305 |   1073 |   5769 |  10 |  858.0 |
               +--------+--------+--------+--------+--------+-----+--------+

Top non-repeatable levels by time:
     D:4: 1446 daAuts
     D:7: 1288 daAuts
     D:8: 1229 daAuts
     D:5: 916 daAuts
     D:9: 859 daAuts
     D:6: 853 daAuts
     D:2: 716 daAuts
     D:1: 654 daAuts
     D:3: 565 daAuts
    D:10: 49 daAuts
